 Dungeon Crawl Stone Soup version 0.29.0-4-gdea44cf6ec (webtiles) character file.

Game seed: 9882295873324201683

125 qw the Chopper (level 5, -4/30 HPs)
             Began as a Tengu Warper on Aug 28, 2022.
             Slain by a gnoll
             ... wielding a +0 flail
             ... led by a gnoll bouda
              (12 damage)
             ... on level 3 of the Dungeon.
             The game lasted 00:00:11 (2156 turns).

qw the Chopper (Tengu Warper)                       Turns: 2156, Time: 00:00:12

Health: -4/30      AC:  5    Str: 13    XL:     5   Next: 9%
Magic:  9/9        EV: 13    Int: 14    God:
Gold:   66         SH:  0    Dex: 13    Spells: 8/8 levels left

rFire   . . .      SeeInvis .   Y - +2 broad axe (vorpal)
rCold   . . .      Faith    .   (no shield)
rNeg    . . .      Spirit   .   e - +0 ring mail
rPois   .          Reflect  .   (helmet restricted)
rElec   .          Harm     .   (no cloak)
rCorr   .          Rampage  .   (no gloves)
Will    .....                   (boots unavailable)
Stlth   +.........              (no amulet)
HPRegen 0.10/turn               (no ring)
MPRegen 0.11/turn               (no ring)

@: flying quickly and evasively, quick
A: beak, talons 3, nimble flight
a: no special abilities


You were on level 3 of the Dungeon.
You visited 1 branch of the dungeon, and saw 3 of its levels.

You collected 116 gold pieces.
You spent 50 gold pieces at shops.


Innate Abilities, Weirdness & Mutations

You have a beak for a mouth.
You have claws for feet.
Your magical nature lets you fly swiftly and evasively.


   Skills:
 - Level 2.0 Fighting
 + Level 5.6 Axes
 - Level 1.0 Throwing
 - Level 1.1 Armour
 - Level 2.1 Dodging
 - Level 2.0 Spellcasting
 - Level 2.4 Translocations


You had 8 spell levels left.
You didn't know any spells.
Your spell library contained the following spells:

 Spells                   Type           Power      Damage    Failure   Level
 Blink                    Tloc           16%        N/A       28%         2
 Gell's Gravitas          Tloc           8%         N/A       50%         3
 Lesser Beckoning         Tloc           8%         N/A       50%         3
 Teleport Other           Tloc           8%         N/A       50%         3
 Manifold Assault         Tloc           8%         N/A       99%         5

Inventory:

Hand Weapons
 m - a +0 whip
 Y - a +2 vorpal broad axe (weapon)
Missiles
 l - 5 silver javelins (quivered)
Armour
 e - a +0 ring mail (worn)
Scrolls
 a - a scroll of identify
Potions
 c - a potion of curing {unknown}
 g - a potion of resistance {unknown}
 k - a potion of attraction {unknown}
 n - a potion of heal wounds {unknown}

Dungeon Overview and Level Annotations

Branches:
Dungeon (3/15)

Altars:
Xom

Shops:
D:2 *(:((


Message History

The gnoll shouts! x2; The kobold shouts!
A nearby plant withers and dies. x2; The gnoll moves out of view.
You slash the gnoll bouda! You claw the gnoll bouda.
You kill the gnoll bouda!
You have reached level 5!
Your magical nature develops, letting you fly swiftly and evasively.
2147 ||| Stepping ~*~*~tactically~*~*~ (hiding).
You start waiting.
Something hits the plant.
The plant begins to die.
A kobold is nearby!
Throw: 6 javelins (silver)
Press: ? - help, Q - select action Shift-Dir - straight line, f - kobold You throw a silver javelin.
The silver javelin closely misses the kobold.
The silver javelin pierces through the plant.
The plant is lightly damaged.
The kobold closely misses you. The gnoll hits you but does no damage.
You hit the kobold.
You kill the kobold!
The gnoll hits you from afar with a +0 spear!
A nearby plant withers and dies.
Items here: % )) [.
You hit the gnoll. Your kick misses the gnoll.
The gnoll is heavily wounded.
The gnoll closely misses you. The gnoll barely misses you.
The gnoll hits you with a +0 spear.
You closely miss the gnoll. You claw the gnoll.
You peck the gnoll, but do no damage.
The gnoll is severely wounded.
You closely miss the gnoll. The gnoll hits you with a +0 flail.
The gnoll hits you with a +0 spear.
You barely miss the gnoll. Your peck misses the gnoll.
The gnoll is severely wounded.
You hit the gnoll but do no damage. The gnoll barely misses you.
The gnoll hits you with a +0 spear.
You slash the gnoll!
You kill the gnoll!
You closely miss the gnoll. The gnoll hits you with a +0 club.
The gnoll hits you with a +0 flail!
You die...

### ..# #.#
#.# #.# #.#
#.# #####<#
#g@...#
......g#####
.P(.P..
.....P.
.......
P....P.
.PP....


PP..PP. You could see 2 gnolls.

Vanquished Creatures
  A gnoll bouda (D:3)
  A hound (D:2)
  A gnoll (D:3)
  2 adders (D:2)
  2 dart slugs
  An orc (D:2)
  8 ball pythons
  2 endoplasms
  3 giant cockroaches
  4 goblins (D:1)
  3 hobgoblins
  4 kobolds
  2 quokkas (D:1)
  4 bats
  2 frilled lizards
  5 rats
45 creatures vanquished.

Vanquished Creatures (others)
  5 plants (D:3)
5 creatures vanquished.

Grand Total: 50 creatures vanquished

Notes
Turn   | Place    | Note
-------+----------+-------------------------------------------
     0 | D:1      | qw the Tengu Warper began the quest for the Orb.
     0 | D:1      | Reached XP level 1. HP: 12/12 MP: 4/4
     0 | D:1      | 0 ||| qw: Version: 0.1-a-89-g26bdef1
     0 | D:1      | 0 ||| qw: Game counter: 3256
     0 | D:1      | 0 ||| qw: Always use a shield: true
     0 | D:1      | 0 ||| qw: God list: Okawaru
     0 | D:1      | 0 ||| qw: Allow faded altars: false
     0 | D:1      | 0 ||| qw: Do Orc after D:15 true
     0 | D:1      | 0 ||| qw: Do second Lair branch before Depths: true
     0 | D:1      | 0 ||| qw: Lair rune preference: random
     0 | D:1      | 0 ||| qw: Plans: Normal
     0 | D:1      | 0 ||| PLANNING D:1-11
   343 | D:1      | Reached skill level 3 in Axes
   343 | D:1      | Reached XP level 2. HP: 17/17 MP: 6/6
   417 | D:1      | 417 ||| Stepping ~*~*~tactically~*~*~ (stealth).
   419 | D:1      | 419 ||| Stepping ~*~*~tactically~*~*~ (stealth).
   730 | D:1      | Reached XP level 3. HP: 21/21 MP: 7/7
   986 | D:1      | Reached skill level 4 in Axes
  1015 | D:1      | Found a faded altar of an unknown god.
  1080 | D:1      | 1080 ||| UPGRADING to +0 ring mail.
  1090 | D:1      | 1090 ||| DROPPING +0 leather armour.
  1091 | D:1      | 1091 ||| READING 2 scrolls labelled EXASOTH ROTUCLOSIE.
  1092 | D:1      | 1092 ||| READING scroll labelled GIWANA WEKE.
  1093 | D:1      | 1093 ||| READING scroll labelled KEENURCH GUFANI.
  1094 | D:1      | 1094 ||| DROPPING scroll of blinking.
  1303 | D:2      | Found Vajups's Antique Weapon Boutique.
  1311 | D:2      | 1311 ||| SHOPLISTING flail (91 gold, have 60).
  1311 | D:2      | 1311 ||| SHOPLISTING whip (65 gold, have 60).
  1314 | D:2      | Found a shimmering altar of Xom.
  1333 | D:2      | Found Vunijov's Weapon Emporium.
  1336 | D:2      | 1336 ||| SHOPLISTING +2 flail of draining (256 gold, have
                  | 60).
  1368 | D:2      | Reached XP level 4. HP: 15/26 MP: 8/8
  1518 | D:2      | Found Kunid's Book Emporium.
  1578 | D:2      | Found Uplam's Assorted Antiques.
  1586 | D:2      | 1586 ||| SHOPLISTING embroidered robe (92 gold, have 72).
  1586 | D:2      | 1586 ||| SHOPLISTING runed mace (150 gold, have 72).
  1586 | D:2      | 1586 ||| BUYING scroll labelled MUMIRI KYIMO (25 gold).
  1586 | D:2      | Bought a scroll labelled MUMIRI KYIMO for 25 gold pieces
  1586 | D:2      | 1586 ||| SHOPLISTING scroll of identify (50 gold, have 47).
  1628 | D:2      | Reached skill level 5 in Axes
  1854 | D:2      | Found Reygioru's Weapon Boutique.
  1860 | D:2      | 1860 ||| BUYING +0 whip (25 gold).
  1860 | D:2      | Bought a +0 whip for 25 gold pieces
  1860 | D:2      | 1860 ||| SHOPLISTING +2 hand axe of electrocution (195
                  | gold, have 51).
  1860 | D:2      | 1860 ||| SHOPLISTING +7 war axe of Righteous Fury {vamp,
                  | +Blink Int+3} (658 gold, have 51).
  1860 | D:2      | 1860 ||| DROPPING +0 club.
  2060 | D:2      | 2060 ||| READING scroll labelled LISUPS YHINAS.
  2060 | D:2      | Identified a scroll of acquirement
  2060 | D:2      | 2060 ||| ACQUIRING +2 vorpal broad axe
  2060 | D:2      | Acquired a +2 vorpal broad axe
  2062 | D:2      | 2062 ||| SWAPPING to +2 vorpal broad axe.
  2063 | D:2      | 2063 ||| DROPPING +0 hand axe.
  2064 | D:2      | 2064 ||| READING scroll labelled UTICAKKOSA.
  2065 | D:2      | 2065 ||| READING scroll labelled MUMIRI KYIMO.
  2066 | D:2      | 2066 ||| DRINKING 2 emerald potions.
  2067 | D:2      | 2067 ||| DRINKING 2 sapphire potions.
  2068 | D:2      | 2068 ||| DRINKING 2 fuming pink potions.
  2099 | D:2      | 2099 ||| DROPPING potion of flight.
  2100 | D:2      | 2100 ||| DROPPING potion of invisibility.
  2101 | D:2      | 2101 ||| DROPPING potion of lignification.
  2140 | D:3      | 2140 ||| Stepping ~*~*~tactically~*~*~ (hiding).
  2147 | D:3      | Gained mutation: Your magical nature lets you fly swiftly
                  | and evasively. [Tengu growth]
  2147 | D:3      | Reached XP level 5. HP: 30/30 MP: 9/9
  2147 | D:3      | 2147 ||| Stepping ~*~*~tactically~*~*~ (hiding).
  2156 | D:3      | Slain by a gnoll

Levels and vault maps discovered:
D:1:      ncdulo_watergridlock, layout_basic, dilly_ecumenical_altar_fadedgnrine
D:2:      minmay_wonky_spiral, layout_basic, serial_shops,
          nicolae_shop_bloodbath_and_beyond, nicolae_shop_behind_doors, shop,
          nicolae_square_shop, nicolae_shop_hallway_stairs, basic_altar,
          kennysheep_potato
D:3:      layout_basic, tso_oasis_becter, chequers_serial_rivers_room_b,
          nicolae_grassy_gnolls

Skill      XL: |  1  2  3  4 |
---------------+-------------+-----
Axes           | 3 4 5 |  5.6
Fighting       | |  2.0
Throwing       | |  1.0
Armour         | |  1.1
Dodging        | |  2.1
Spellcasting   | |  2.0
Translocations | |  2.4

Action                   |  1- 3 |  4- 6 || total
-------------------------+-------+-------++-------
Melee: Hand axe          |    55 |    30 ||    85
       Kick              |    20 |     8 ||    28
       Peck              |    10 |     8 ||    18
       Broad axe         |       |     6 ||     6
Throw: Boomerang         |     7 |       ||     7
       Javelin           |       |     6 ||     6
  Use: Scroll            |     3 |     3 ||     6
       Potion            |       |     3 ||     3
Armor: Leather armour    |     9 |       ||     9
       Ring mail         |     4 |    15 ||    19
Dodge: Dodged            |    30 |    17 ||    47

Table legend:
 A = Non-vault XP
 B = Vault XP
 C = Vault XP percentage of total XP
 D = Non-vault monster count
 E = Vault monster count
 F = Vault count percentage of total count
                 A         B        C        D         E       F
            +---------+---------+-------+---------+---------+-------
      Total |     128 |      66 |  34.0 |      37 |       8 |  17.8
            +---------+---------+-------+---------+---------+-------
        D:1 |      46 |       0 |   0.0 |      26 |       0 |   0.0
        D:2 |      81 |      11 |  12.0 |      10 |       6 |  37.5
        D:3 |       1 |      55 |  98.2 |       1 |       2 |  66.7
            +---------+---------+-------+---------+---------+-------
